 Dungeon Crawl Stone Soup version 0.31.0-32-g396128a36d (webtiles) character file.

Game seed: 13386316345703565754

189 Peloso the Covered (level 5, -9/47 HPs)
             Began as a Minotaur Fighter on Apr 10, 2024.
             Mangled by Edmund
             ... wielding a +4 heavy dire flail
              (15 damage)
             ... on level 4 of the Dungeon.
             The game lasted 00:04:34 (2570 turns).

Peloso the Covered (Minotaur Fighter)               Turns: 2570, Time: 00:04:34

Health: -9/47      AC:  7    Str: 21    XL:     5   Next: 40%
Magic:  4/4        EV:  9    Int:  5    God:
Gold:   179        SH:  4    Dex: 11    Spells: 4/4 levels left

rFire   . . .        a - +0 long sword
rCold   . . .        c - +0 buckler
rNeg    . . .        b - +0 scale mail
rPois   .            (helmet restricted)
rElec   .            (no cloak)
rCorr   .            (no gloves)
SInv    .            (no boots)
Will    .....        (no amulet) Stlth
                     (no ring)
HPRegen 0.27/turn    (no ring)
MPRegen 0.09/turn

%: no passive effects
@: no status effects
A: horns 2, retaliatory headbutt
a: no special abilities


You were on level 4 of the Dungeon.
You visited 1 branch of the dungeon, and saw 4 of its levels.

You collected 179 gold pieces.

Inventory:

Hand Weapons
 a - a +0 long sword (weapon)
Armour
 b - a +0 scale mail (worn)
 c - a +0 buckler (worn)
Jewellery
 n - an amulet of faith
Scrolls
 e - a scroll of teleportation
 h - 3 scrolls of amnesia {unknown}
 j - a scroll of silence
 k - a scroll of noise {unknown}
 m - a scroll of fear {unknown}
 o - a scroll of blinking {unknown}
 p - a scroll of immolation {unknown}
Potions
 d - 2 potions of might
 f - a potion of heal wounds {unknown}
 g - 2 potions of magic {unknown}
 i - a potion of mutation
 l - a potion of lignification {unknown}
 q - a potion of enlightenment {unknown}


   Skills:
 + Level 4.6 Fighting
 + Level 4.2 Long Blades
 + Level 5.0 Armour
 + Level 1.2 Dodging
 + Level 0.2 Stealth
 + Level 4.2 Shields


You had 4 spell levels left.
You didn't know any spells.
Your spell library contained the following spells:

 Spells                   Type           Power      Damage    Failure   Level
 Apportation              Tloc           0%         N/A       86%         1
 Necrotise                Necr           0%         1d4       86%         1
 Sting                    Conj/Alch      0%         1d3       86%         1
 Summon Small Mammal      Summ           0%         N/A       86%         1
 Ensorcelled Hibernation  Hex/Ice        0%         N/A       95%         2
 Call Canine Familiar     Summ           0%         N/A       99%         3
 Passwall                 Erth           0%         N/A       99%         3
 Swiftness                Air            0%         N/A       99%         3
 Summon Blazeheart Golem  Fire/Summ      0%         N/A       100%        4


Dungeon Overview and Level Annotations

Branches:
Dungeon (4/15)
 Temple: D:4-7

Altars:
Nemelex Xobeh

Annotations:
D:4 Edmund, Natasha


Innate Abilities, Weirdness & Mutations

You have a pair of horns on your head.
You reflexively headbutt those who attack you in melee.


Message History

A goblin is nearby!
A goblin is nearby!
A goblin is nearby!
Found a war axe.
The goblin hits you but does no damage.
You closely miss the goblin. Your headbutt misses the goblin.
The goblin hits you but does no damage.
You hit the goblin but do no damage. Your headbutt misses the goblin.
The goblin closely misses you.
You slash the goblin!
You kill the goblin!
Your Armour skill increases to level 5!
You see here a +0 club.
Found 16 gold pieces.
You now have 179 gold pieces (gained 16).
Found a ring mail.
Edmund the Younger comes into view.
He is wielding a +4 heavy dire flail.
Found a hand axe.
Edmund shouts!
Edmund is nearby!
Edmund is nearby!
Edmund is nearby!
Natasha, Servant of Life and Death comes into view.
Natasha hisses angrily.
Natasha mumbles some strange words.
Natasha glows brightly for a moment.
Edmund hits you with a +4 heavy dire flail.
Natasha stares at you and mumbles some strange words.
The magic dart hits you!
You closely miss Edmund.
Edmund hits you with a +4 heavy dire flail!
You hit Edmund but do no damage. You headbutt Edmund.
Edmund is lightly wounded.
Edmund hits you with a +4 heavy dire flail!!
* * * LOW HITPOINT WARNING * * *
You hit Edmund. You headbutt Edmund.
Edmund is lightly wounded.
Edmund hits you with a +4 heavy dire flail!
You die...
Edmund says, "I'd like to see a scythe do that!"

#.....#......
#.....#.....#
#######.....#.....#
#...........#..####
#.......#####......
#.......## ##.####
#.....)... #.#
####.@....... #.#
###...[@....... #.#
............... #.#
##...h..####### #.#
###.....+.## #.#
........#..#####
#.#
...............#
#.#
...#######..##.#
#)# ...
##....####.# ..
####......#


You could see Edmund and Natasha.

Vanquished Creatures
  An orc priest (D:3)
  Natasha (D:4)
  6 adders
  5 ribbon worms
  A dart slug (D:2)
  3 orcs (D:3)
  6 endoplasms
  A giant cockroach (D:2)
  4 hobgoblins
  4 jackals (D:1)
  6 kobolds
  3 quokkas (D:3)
  3 ball pythons
  5 bats
  3 frilled lizards
  4 goblins
  14 rats
70 creatures vanquished.

Notes
Turn   | Place    | Note
-------+----------+-------------------------------------------
     0 | D:1      | Peloso the Minotaur Fighter began the quest for the Orb.
     0 | D:1      | Reached XP level 1. HP: 19/19 MP: 0/0
   306 | D:1      | Reached XP level 2. HP: 19/27 MP: 1/1
   398 | D:1      | Reached skill level 4 in Armour
  1124 | D:2      | Reached XP level 3. HP: 25/33 MP: 2/2
  1203 | D:2      | Reached skill level 1 in Dodging
  1495 | D:2      | Reached XP level 4. HP: 39/40 MP: 3/3
  2026 | D:3      | Reached XP level 5. HP: 39/47 MP: 4/4
  2146 | D:3      | Found a sparkling altar of Nemelex Xobeh.
  2485 | D:4      | Noticed Natasha
  2490 | D:4      | Killed Natasha
  2546 | D:4      | Reached skill level 5 in Armour
  2564 | D:4      | Noticed Edmund
  2565 | D:4      | Noticed Natasha
  2570 | D:4      | Mangled by Edmund

Illustrated notes

Levels and vault maps discovered:
D:1:      minmay_arrival_solitary_statue, layout_basic, minivault_5
D:2:      layout_loops_cross, minmay_hexomino_c4
D:3:      layout_rooms, mainiacjoe_overflow_boulevard, nicolae_wormholes
D:4:      layout_basic, uniq_edmund, uniq_sigmund, uniq_natasha

Skill      XL: |  1  2  3  4  5 |
---------------+----------------+-----
Shields        | 4 |  4.2
Armour         | 4 5 |  5.0
Dodging        | 1 |  1.2
Long Blades    | 3 4 |  4.2
Fighting       | 4 |  4.6
Stealth        | |  0.2

Action                     |  1- 3 |  4- 6 || total
---------------------------+-------+-------++-------
  Melee: Long sword        |    92 |    86 ||   178
         Headbutt          |     7 |    15 ||    22
    Use: Scroll            |     3 |     1 ||     4
 Armour: Scale mail        |    87 |    71 ||   158
  Dodge: Dodged            |    54 |    47 ||   101
  Block: Buckler           |    29 |    21 ||    50
